[Event "2026 Biel Blitz Open"]
[Site "Biel, CH"]
[Date "2026.07.19"]
[Round "7"]
[White "Habibi, Ali"]
[Black "Chu, Wa Ching David"]
[Result "1-0"]
[Board "24"]
[TimeControl "180+2"]
[WhiteFideId "4604393"]
[BlackFideId "6013180"]
[WhiteElo "2116"]
[BlackElo "1673"]
[WhiteTitle "IM"]
[WhiteClock "0:01:27"]
[BlackClock "0:03:07"]
[Variant "Standard"]
[EndDate "2026.07.19"]
[EndTime "14:07:00"]

1. Nf3 d5 2. g3 Nf6 3. Bg2 e6 4. O-O Be7 5. d3 O-O 6. Nbd2 c5 7. Qe1 Nc6 8. a3 b5 9. e4 Bb7 10. Qe2 a6 11. Ne1 a5 1-0

[Event "2026 Biel Blitz Open"]
[Site "Biel, CH"]
[Date "2026.07.19"]
[Round "7"]
[White "Wilhelm, Serge"]
[Black "Kolly, Jacques"]
[Result "0-1"]
[Board "25"]
[TimeControl "180+2"]
[WhiteFideId "1305808"]
[BlackFideId "1302183"]
[WhiteElo "1923"]
[BlackElo "2203"]
[BlackTitle "FM"]
[WhiteClock "0:00:07"]
[BlackClock "0:00:11"]
[Variant "Standard"]
[EndDate "2026.07.19"]
[EndTime "14:06:34"]

1. Nf3 e6 2. g3 d5 3. d3 c5 4. Bg2 Nc6 5. Nbd2 b6 6. O-O Bb7 7. e4 Nf6 8. Re1 Be7 9. c3 dxe4 10. dxe4 O-O 11. e5 Nd5 12. Nc4 Ba6 13. Ne3 Nxe3 14. Bxe3 Qc7 15. Qc2 Rad8 16. Rad1 Bb7 17. Bg5 h6 18. Bxe7 Nxe7 19. Qe2 Rxd1 20. Rxd1 Rd8 21. Rd2 Rd5 22. Rxd5 Bxd5 23. a3 Qb7 24. Nh4 Qc7 25. f4 Qc6 26. Qd2 b5 27. Kf2 c4 28. Qd4 a6 29. g4 Bxg2 30. Nxg2 Nd5 31. h3 g6 32. Ne3 Nxe3 33. Qxe3 Qh1 34. Qf3 Qh2+ 35. Qg2 Qxf4+ 36. Qf3 Qxe5 37. Qa8+ Kg7 38. Qxa6 Qd5 39. Qa7 e5 40. Qe3 e4 41. Kg3 Qd3 42. Kf4 Qxe3+ 43. Kxe3 f5 44. gxf5 gxf5 45. Kd2 Kf6 46. Kc2 Ke5 47. b3 cxb3+ 48. Kxb3 e3 0-1

[Event "2026 Biel Blitz Open"]
[Site "Biel, CH"]
[Date "2026.07.19"]
[Round "7"]
[White "Maruntis, Patrik-Robert"]
[Black "Jud, Marc"]
[Result "1-0"]
[Board "26"]
[TimeControl "180+2"]
[WhiteFideId "1259997"]
[BlackFideId "1309099"]
[WhiteElo "2167"]
[BlackElo "1946"]
[WhiteClock "0:00:05"]
[BlackClock "0:00:10"]
[Variant "Standard"]
[EndDate "2026.07.19"]
[EndTime "14:06:23"]

1. c4 e6 2. e3 d5 3. Nf3 c5 4. cxd5 exd5 5. Bb5+ Bd7 6. Qe2 a6 7. Bxd7+ Nxd7 8. O-O Ngf6 9. b3 Bd6 10. Bb2 O-O 11. d4 cxd4 12. Bxd4 Re8 13. Nc3 Ne4 14. Nxd5 Ndf6 15. Nxf6+ Nxf6 16. h3 Qe7 17. Rfd1 Rac8 18. Rac1 Ba3 19. Bb2 Bxb2 20. Qxb2 Ne4 21. Rxc8 Rxc8 22. Qe5 Qxe5 23. Nxe5 f6 24. Nf3 h6 25. Nd4 a5 26. f3 Nd6 27. Ne6 Nb5 28. Rd7 Kh8 29. Nxg7 Nc3 30. Nh5 Rf8 31. a4 Na2 32. Kh2 b6 33. Kg3 Nc1 34. Kf4 Nxb3 35. Kf5 Nc5 36. Ra7 Nxa4 37. Nxf6 1-0

[Event "2026 Biel Blitz Open"]
[Site "Biel, CH"]
[Date "2026.07.19"]
[Round "7"]
[White "Tkhoruk, Roman"]
[Black "Harish, Neeraj"]
[Result "0-1"]
[Board "28"]
[TimeControl "180+2"]
[WhiteFideId "34161589"]
[BlackFideId "30958130"]
[WhiteElo "2055"]
[BlackElo "1920"]
[BlackTitle "CM"]
[WhiteClock "0:00:08"]
[BlackClock "0:00:32"]
[Variant "Standard"]
[EndDate "2026.07.19"]
[EndTime "14:05:57"]

1. e4 e5 2. Nf3 Nc6 3. Bc4 Nf6 4. Ng5 d5 5. exd5 Na5 6. Bb5+ Bd7 7. Bxd7+ Qxd7 8. d3 Nxd5 9. O-O Be7 10. Ne4 O-O-O 11. Bd2 Nc6 12. a3 f5 13. Nec3 Nf6 14. b4 h5 15. b5 Nd4 16. a4 h4 17. h3 g5 18. Bxg5 Rdg8 19. Bxf6 Bxf6 20. Kh1 Rg6 21. Nd2 Rhg8 22. Rg1 Qg7 23. Qf1 Bg5 24. Nc4 Bf4 25. Nd5 Qf8 26. Nxf4 exf4 27. f3 Rg3 28. Nd2 Nxc2 29. Rc1 Ne3 30. Qf2 Rxg2 31. Rxg2 Rxg2 32. Qxh4 Qg7 33. Rxc7+ Qxc7 34. Qh8+ Qd8 35. Qe5 Rxd2 36. Qc3+ Kb8 37. Qxd2 Qd5 38. Qe2 Qd4 39. Kh2 Qxa4 40. Qb2 Qxb5 41. Qh8+ Kc7 42. Qg7+ Qd7 43. Qe5+ Qd6 44. Qa5+ Kb8 45. h4 a6 46. Qc3 Qg6 47. Qe5+ Ka8 48. Qh8+ Ka7 49. Qd4+ Qb6 50. Qxf4 Qb2+ 0-1

[Event "2026 Biel Blitz Open"]
[Site "Biel, CH"]
[Date "2026.07.19"]
[Round "7"]
[White "Hirzel, Robin"]
[Black "Materia, Matteo"]
[Result "1-0"]
[Board "29"]
[TimeControl "180+2"]
[WhiteFideId "1342320"]
[BlackFideId "45150575"]
[WhiteElo "2022"]
[BlackElo "1881"]
[WhiteClock "0:00:52"]
[BlackClock "0:00:11"]
[Variant "Standard"]
[EndDate "2026.07.19"]
[EndTime "13:56:53"]

1. e4 e5 2. Nc3 Nf6 3. f4 d5 4. fxe5 Nxe4 5. Qf3 Nxc3 6. dxc3 Qh4+ 7. g3 Qe4+ 8. Qxe4 dxe4 9. Be3 Be6 10. O-O-O Nd7 11. Bf4 g5 12. Bxg5 Bg7 13. Bg2 Bf5 14. Ne2 Nxe5 15. Nd4 Bg6 16. Rhe1 f5 17. Ne6 Kf7 18. Nxc7 Rac8 19. Nb5 Rc6 20. Bf4 Nc4 21. Rd7+ Kf6 22. h4 h5 23. Bg5+ Ke6 24. Rxg7 Be8 25. Nd4+ 1-0

[Event "2026 Biel Blitz Open"]
[Site "Biel, CH"]
[Date "2026.07.19"]
[Round "7"]
[White "Schweizer, Samuel"]
[Black "Pinelli, Gian"]
[Result "1-0"]
[Board "30"]
[TimeControl "180+2"]
[WhiteFideId "1325353"]
[BlackFideId "1348710"]
[WhiteElo "2006"]
[BlackElo "1751"]
[WhiteClock "0:00:36"]
[BlackClock "0:00:10"]
[Variant "Standard"]
[EndDate "2026.07.19"]
[EndTime "14:05:41"]

1. Nc3 d5 2. d4 Nf6 3. Nf3 Bf5 4. Bf4 a6 5. e3 e6 6. h3 h6 7. Bh2 Bd6 8. Ne5 O-O 9. g4 Bh7 10. Bg2 c5 11. O-O cxd4 12. exd4 Nc6 13. Re1 Qc7 14. Bg3 Nd7 15. f4 Rae8 16. Qd2 Nb4 17. Rac1 Nxc2 18. Rxc2 Bxc2 19. Qxc2 f6 20. Ng6 Rf7 21. Qd3 Nf8 22. Nxf8 Rfxf8 23. Ne2 Qb6 24. Bf2 Re7 25. b3 Bb4 26. Rd1 Ref7 27. f5 Rd7 28. Nf4 e5 29. dxe5 Bc5 30. Bxc5 Qxc5+ 31. Kh1 fxe5 32. Ne6 Qa5 33. Nxf8 Kxf8 34. Bxd5 Qxa2 35. Qc3 Rd8 36. Qc5+ Ke8 37. Re1 Qb2 38. Bg2 Qxb3 39. Rxe5+ Kf7 40. Bd5+ Rxd5 41. Qe7+ Kg8 42. Qe8+ Kh7 43. Qg6+ Kg8 44. Re8# 1-0

[Event "2026 Biel Blitz Open"]
[Site "Biel, CH"]
[Date "2026.07.19"]
[Round "7"]
[White "Vihaan Dumir"]
[Black "Jelicic, Hugo"]
[Result "1-0"]
[Board "32"]
[TimeControl "180+2"]
[WhiteFideId "25901010"]
[BlackFideId "1349040"]
[WhiteElo "1965"]
[BlackElo "1804"]
[WhiteTitle "CM"]
[WhiteClock "0:01:19"]
[BlackClock "0:00:26"]
[Variant "Standard"]
[EndDate "2026.07.19"]
[EndTime "13:56:41"]

1. e4 c6 2. d4 d5 3. exd5 cxd5 4. Bd3 Nc6 5. c3 Nf6 6. h3 g6 7. Nf3 Bg7 8. O-O O-O 9. Re1 Bf5 10. Bf1 a6 11. a4 Rc8 12. Bf4 Na5 13. Nbd2 Ne4 14. g4 Nxd2 15. Nxd2 Be6 16. Qf3 Qd7 17. b4 Nc4 18. Nxc4 dxc4 19. Bg2 b5 20. axb5 axb5 21. Ra6 Rfd8 22. Rb6 Bd5 23. Qxd5 Qxd5 24. Bxd5 Rxd5 25. Rxe7 Ra8 26. Reb7 Bxd4 27. cxd4 Rxd4 28. Rb8+ Rd8 29. Rxa8 Rxa8 30. Rxb5 Ra1+ 31. Kg2 Rb1 32. Be5 1-0

[Event "2026 Biel Blitz Open"]
[Site "Biel, CH"]
[Date "2026.07.19"]
[Round "7"]
[White "Heitmann, Erik"]
[Black "Kelecevic, Nedeljko"]
[Result "0-1"]
[Board "34"]
[TimeControl "180+2"]
[WhiteFideId "34608940"]
[BlackFideId "14400537"]
[WhiteElo "1885"]
[BlackElo "2150"]
[BlackTitle "IM"]
[WhiteClock "0:00:04"]
[BlackClock "0:01:23"]
[Variant "Standard"]
[EndDate "2026.07.19"]
[EndTime "14:05:50"]

1. d4 e6 2. c4 d5 3. Nf3 Nf6 4. Nc3 dxc4 5. e3 a6 6. Bxc4 b5 7. Be2 Bb7 8. O-O Nbd7 9. Qc2 c5 10. Rd1 Rc8 11. dxc5 Bxc5 12. a3 Qc7 13. Qb3 O-O 14. Nd4 Bd6 15. h3 Bh2+ 16. Kh1 Be5 17. Bd2 Nc5 18. Qc2 Bxd4 19. exd4 Nce4 20. Be1 Qf4 21. Bd3 Nxc3 22. Bxc3 Ne4 23. Bxe4 Bxe4 24. Qe2 Bd5 25. Qe3 Qf5 26. Qg3 Qh5 27. Re1 f5 28. Re5 Rf6 29. Rae1 Rg6 30. Qh2 Rxg2 31. Qxg2 Qxh3+ 0-1

[Event "2026 Biel Blitz Open"]
[Site "Biel, CH"]
[Date "2026.07.19"]
[Round "7"]
[White "Hirt, Markus"]
[Black "Gireada, Daniel"]
[Result "0-1"]
[Board "35"]
[TimeControl "180+2"]
[WhiteFideId "1302582"]
[BlackFideId "1206451"]
[WhiteElo "1880"]
[BlackElo "2148"]
[WhiteClock "0:00:12"]
[BlackClock "0:00:16"]
[Variant "Standard"]
[EndDate "2026.07.19"]
[EndTime "14:05:13"]

1. e4 c6 2. Nf3 d5 3. d3 Bg4 4. h3 Bh5 5. Be2 e6 6. O-O Nd7 7. Nbd2 Bd6 8. a4 Ngf6 9. Re1 e5 10. a5 O-O 11. c3 Re8 12. Qc2 Rc8 13. a6 b6 14. b3 Nc5 15. Ba3 Bg6 16. Bxc5 Bxc5 17. Rad1 Qc7 18. b4 Bf8 19. Bf1 Rcd8 20. Qb3 dxe4 21. Nxe4 Nxe4 22. dxe4 Rxd1 23. Qxd1 Rd8 24. Qc2 c5 25. b5 Qd6 26. Bc4 Kh8 27. Bd5 f6 28. Qe2 Be8 29. Rd1 Qc7 30. c4 g6 31. Rd2 Bh6 32. Rd1 Kg7 33. Kf1 Bf7 34. Kg1 Kf8 35. Rd3 Bxd5 36. Rxd5 Rxd5 37. exd5 Ke7 38. Qe4 Qd7 39. Qh4 Bf4 40. Qxh7+ Kd8 41. Qxg6 Qe7 42. Qf5 Kc7 43. g3 Bh6 44. Qg6 Bc1 45. Nh4 e4 46. Nf5 Qe5 47. Qf7+ Kd8 48. Qf8+ Kd7 49. Qf7+ Kd8 50. Qf8+ Kd7 51. Qa8 e3 52. Qb7+ Ke8 53. Nxe3 Bxe3 54. fxe3 Qxe3+ 55. Kg2 Qe2+ 56. Kg1 Qxc4 57. Qxa7 Qd4+ 58. Kg2 Qxd5+ 59. Kg1 Qd4+ 60. Kg2 Qb2+ 61. Kf3 Qxb5 62. Qb8+ Ke7 63. a7 Qc6+ 64. Kg4 Qe4+ 65. Kh5 Qf5+ 66. Kh4 Qg5# 0-1

[Event "2026 Biel Blitz Open"]
[Site "Biel, CH"]
[Date "2026.07.19"]
[Round "7"]
[White "Aryan Mehta"]
[Black "King, Alexander"]
[Result "0-1"]
[Board "36"]
[TimeControl "180+2"]
[WhiteFideId "33329664"]
[BlackFideId "1352334"]
[WhiteElo "2061"]
[BlackElo "1854"]
[WhiteClock "0:00:02"]
[BlackClock "0:00:14"]
[Variant "Standard"]
[EndDate "2026.07.19"]
[EndTime "14:02:16"]

1. d4 b6 2. Nf3 Bb7 3. g3 e6 4. c4 f5 5. Bg2 Bb4+ 6. Bd2 Bxd2+ 7. Qxd2 Nf6 8. Nc3 O-O 9. O-O d6 10. Rfe1 Qe7 11. Nh4 Bxg2 12. Kxg2 Nbd7 13. d5 Ne4 14. Nxe4 fxe4 15. Kg1 Qf6 16. Rf1 Rae8 17. Ng2 Ne5 18. Qc2 exd5 19. cxd5 Ng4 20. e3 Qh6 21. h4 Ne5 22. Qxc7 Nf3+ 23. Kh1 g5 24. Qd7 gxh4 25. Qg4+ Kh8 26. Nxh4 Rg8 27. Qh3 Ng5 28. Qg2 Nf3 29. Qh3 Ng5 30. Qg2 Nf3 31. Qh3 Ng5 32. Qg4 Nf3 33. Qh3 Ng5 34. Qf5 Ref8 35. Qg4 Nf3 0-1

[Event "2026 Biel Blitz Open"]
[Site "Biel, CH"]
[Date "2026.07.19"]
[Round "7"]
[White "Bajraktari, Perparim"]
[Black "Freuler, Roman"]
[Result "1-0"]
[Board "37"]
[TimeControl "180+2"]
[WhiteFideId "1307711"]
[BlackFideId "1304283"]
[WhiteElo "2045"]
[BlackElo "1852"]
[WhiteClock "0:00:52"]
[BlackClock "0:03:02"]
[Variant "Standard"]
[EndDate "2026.07.19"]
[EndTime "14:02:33"]

1. c4 e5 2. Nc3 Nc6 3. g3 g6 4. Bg2 Bg7 5. d3 d6 6. Rb1 Nf6 7. b4 O-O 8. Nf3 Be6 9. Ng5 Bc8 10. a4 h6 11. Nf3 Be6 12. a5 Qd7 13. a6 b6 14. O-O Rae8 15. Nb5 Re7 16. Bb2 Bh3 17. Bc3 Bxg2 18. Kxg2 Nh7 19. Bd2 f5 20. Nc3 e4 21. Ne1 Ng5 22. Nd5 Ref7 23. Nf4 Ne5 24. Bc3 exd3 25. exd3 Ne6 26. Bxe5 dxe5 27. Nxg6 Rd8 28. Nf3 Qxd3 29. Qxd3 Rxd3 30. Nfxe5 Rfd7 31. Nxd7 Rxd7 32. Rbd1 Rf7 33. Rfe1 Nd4 34. h4 Kh7 35. h5 f4 36. Nxf4 Nf5 37. Rd5 Nd6 38. c5 Nf5 1-0

[Event "2026 Biel Blitz Open"]
[Site "Biel, CH"]
[Date "2026.07.19"]
[Round "7"]
[White "Berezovskii, Arina"]
[Black "Dietiker, Manuel"]
[Result "0-1"]
[Board "38"]
[TimeControl "180+2"]
[WhiteFideId "34449850"]
[BlackFideId "1317377"]
[WhiteElo "1851"]
[BlackElo "2002"]
[WhiteTitle "WCM"]
[WhiteClock "0:00:03"]
[BlackClock "0:01:13"]
[Variant "Standard"]
[EndDate "2026.07.19"]
[EndTime "14:02:28"]

1. e4 c5 2. Nf3 e6 3. c3 Nf6 4. e5 Nd5 5. d4 cxd4 6. cxd4 Nc6 7. Nc3 Nxc3 8. bxc3 d5 9. exd6 Bxd6 10. Bb5 O-O 11. O-O Qc7 12. Re1 a6 13. Ba4 Ne7 14. Qd3 b5 15. Bc2 Ng6 16. Ne5 Bxe5 17. Rxe5 Bb7 18. h4 Rfd8 19. h5 Qxe5 20. hxg6 Qd5 21. gxf7+ Kxf7 22. f3 g6 23. Ba3 Rac8 24. Re1 Qc4 25. Qe3 Bd5 26. Qg5 Qxc3 27. Qe7+ Kg8 28. Rxe6 Qxd4+ 29. Re3 Re8 30. Qg5 Qxe3+ 31. Qxe3 Rxe3 32. Bb3 Bxb3 0-1

[Event "2026 Biel Blitz Open"]
[Site "Biel, CH"]
[Date "2026.07.19"]
[Round "7"]
[White "Altenburger, Rene"]
[Black "Damen, Josephine"]
[Result "0-1"]
[Board "39"]
[TimeControl "180+2"]
[WhiteFideId "1305581"]
[BlackFideId "1074369"]
[WhiteElo "1990"]
[BlackElo "1766"]
[BlackTitle "WCM"]
[WhiteClock "0:00:27"]
[BlackClock "0:00:22"]
[Variant "Standard"]
[EndDate "2026.07.19"]
[EndTime "14:04:19"]

1. d4 Nf6 2. c4 g6 3. Nc3 Bg7 4. Bg5 d6 5. e3 O-O 6. Bxf6 Bxf6 7. Nf3 Nd7 8. Be2 e5 9. O-O Qe8 10. Nd5 Qd8 11. Nxf6+ Qxf6 12. dxe5 dxe5 13. b4 a5 14. a3 Rd8 15. Qc2 Nb6 16. Rfd1 Rxd1+ 17. Rxd1 axb4 18. axb4 Be6 19. Qc3 Ra2 20. Bf1 Bg4 21. Qxe5 Qxe5 22. Nxe5 Bxd1 23. g3 Ra1 24. Kg2 Bb3 25. Bd3 Ra8 26. Kf3 Rd8 27. Ke2 f6 28. Ng4 Kf7 29. c5 Bc4 30. cxb6 Bxd3+ 31. Ke1 Bf5 32. bxc7 Rc8 33. f3 Bxg4 34. fxg4 Rxc7 35. Kd2 Ke6 36. Kd3 Kd5 37. e4+ Ke5 38. h4 Rd7+ 39. Ke3 Rd1 40. Ke2 Rb1 41. h5 Rxb4 42. g5 fxg5 43. Kf3 Rb3+ 44. Kg4 gxh5+ 45. Kxg5 Kxe4 46. Kxh5 Rxg3 0-1

[Event "2026 Biel Blitz Open"]
[Site "Biel, CH"]
[Date "2026.07.19"]
[Round "7"]
[White "Kwiatkowski, Maciej"]
[Black "Vedant Nayudu"]
[Result "1-0"]
[Board "40"]
[TimeControl "180+2"]
[WhiteFideId "1360175"]
[BlackFideId "33369780"]
[WhiteElo "1967"]
[BlackElo "1732"]
[WhiteClock "0:00:38"]
[BlackClock "0:00:08"]
[Variant "Standard"]
[EndDate "2026.07.19"]
[EndTime "14:03:45"]

1. e4 c6 2. d4 d5 3. Nc3 dxe4 4. Nxe4 Nf6 5. Ng3 h5 6. h4 Bg4 7. Be2 e6 8. c3 Bd6 9. Bg5 Qc7 10. Bxf6 Bxe2 11. Qxe2 Bxg3 12. Bxg7 Rh7 13. Bf6 Nd7 14. Bg5 Bd6 15. Nf3 f6 16. Bd2 O-O-O 17. O-O-O Qa5 18. Kb1 Qf5+ 19. Ka1 Rg7 20. g3 e5 21. Rhe1 Re7 22. Qe4 Qxe4 23. Rxe4 f5 24. Ree1 e4 25. Ng5 Kb8 26. Re2 Nf6 27. Rde1 Rde8 28. Kb1 Kc7 29. Kc2 Ng4 30. Nh3 b6 31. Nf4 Bxf4 32. Bxf4+ Kd7 33. Bg5 Re6 34. Bf4 Nf6 35. c4 b5 36. b3 a5 37. Kc3 Ng4 38. d5 cxd5 39. cxd5 Rb6 40. Kd4 a4 41. b4 Rc8 42. Rc1 Ke7 43. Rxc8 Kd7 44. Rc7+ Ke8 45. Rec2 Nf6 46. Rc8+ Kf7 47. R2c7+ Kg6 48. Rc6 Rb7 49. Bg5 Rf7 50. Rxf6+ Rxf6 51. Bxf6 Kxf6 52. Rc6+ Ke7 53. Ke5 f4 54. gxf4 Kd7 55. Rb6 1-0

[Event "2026 Biel Blitz Open"]
[Site "Biel, CH"]
[Date "2026.07.19"]
[Round "7"]
[White "Huang,Hsuan-Chen"]
[Black "Ragios, Konstantinos"]
[Result "1-0"]
[Board "42"]
[TimeControl "180+2"]
[WhiteFideId "16303121"]
[BlackFideId "4210484"]
[WhiteElo "1833"]
[BlackElo "1957"]
[WhiteClock "0:00:39"]
[BlackClock "0:00:07"]
[Variant "Standard"]
[EndDate "2026.07.19"]
[EndTime "14:04:35"]

1. d4 e6 2. Nf3 Nf6 3. Nbd2 b6 4. e4 Bb7 5. Bd3 c5 6. c3 Nc6 7. Qe2 d6 8. O-O Be7 9. Re1 O-O 10. e5 dxe5 11. dxe5 Nd5 12. Ne4 Re8 13. Ng3 Qc7 14. Bg5 f6 15. exf6 Bxf6 16. Nh5 Qf7 17. Nxf6+ gxf6 18. Bd2 Rad8 19. Rad1 e5 20. Bc4 Nce7 21. Bc1 Kh8 22. Qe4 Qg6 23. Qh4 Nf5 24. Qh3 Nde7 25. Rxd8 Rxd8 26. Bf1 Bc8 27. Nh4 Nxh4 28. Qxh4 Nf5 29. Qa4 Qg7 30. Rd1 Rxd1 31. Qxd1 Qd7 32. Qh5 Nd6 33. Bh6 Qf7 34. Qf3 Nf5 35. Bc1 Bb7 36. Qxf5 Qe7 37. Bh6 a5 38. Qg4 a4 39. Bc4 1-0

[Event "2026 Biel Blitz Open"]
[Site "Biel, CH"]
[Date "2026.07.19"]
[Round "7"]
[White "Havolli, Daut"]
[Black "Jaggy, Enzo"]
[Result "1-0"]
[Board "44"]
[TimeControl "180+2"]
[WhiteFideId "1315200"]
[BlackFideId "1344919"]
[WhiteElo "1950"]
[BlackElo "1761"]
[WhiteClock "0:01:37"]
[BlackClock "0:01:22"]
[Variant "Standard"]
[EndDate "2026.07.19"]
[EndTime "13:55:40"]

1. d4 d5 2. Bf4 Nf6 3. Nc3 c6 4. f3 e6 5. Qd2 Bb4 6. O-O-O Qa5 7. Kb1 Bxc3 8. Qxc3 Qxc3 9. bxc3 Nbd7 10. Bd6 b5 11. e3 Nb6 12. Bd3 Nc4 13. Bxc4 bxc4 14. Ne2 Kd7 15. Bc5 Kc7 16. g4 Nd7 17. Ba3 e5 18. Ng3 g6 19. Rhe1 f6 20. h4 Nb6 21. Kc1 Rb8 22. Be7 exd4 23. Bxf6 Rf8 24. Be5+ 1-0

[Event "2026 Biel Blitz Open"]
[Site "Biel, CH"]
[Date "2026.07.19"]
[Round "7"]
[White "Bujes, Aurelien"]
[Black "Waelti, Thomas"]
[Result "1-0"]
[Board "45"]
[TimeControl "180+2"]
[WhiteFideId "1347179"]
[BlackFideId "1303996"]
[WhiteElo "1741"]
[BlackElo "1940"]
[WhiteClock "0:00:51"]
[BlackClock "0:00:14"]
[Variant "Standard"]
[EndDate "2026.07.19"]
[EndTime "13:59:26"]

1. e4 c5 2. Nc3 e6 3. Nf3 d5 4. exd5 exd5 5. Bb5+ Nc6 6. O-O Nf6 7. Re1+ Be7 8. d3 O-O 9. Bf4 Bg4 10. h3 Bh5 11. Bxc6 bxc6 12. Na4 Re8 13. c3 Qa5 14. b3 Bf8 15. Rxe8 Rxe8 16. d4 cxd4 17. cxd4 Ne4 18. Qd3 Bxf3 19. Qxf3 Qd8 20. Rc1 Qd7 21. Nc3 Bb4 22. Nxe4 Rxe4 23. a4 Rxd4 24. Be3 Re4 25. Qd1 Qe6 26. Qd3 f5 27. Qa6 c5 28. Qxa7 d4 29. Qb8+ Kf7 30. Bf4 g5 31. Bd6 Re1+ 32. Rxe1 Qxe1+ 33. Kh2 Qxf2 34. Qf8+ Kg6 35. Qe8+ Kh6 36. Bf8# 1-0

[Event "2026 Biel Blitz Open"]
[Site "Biel, CH"]
[Date "2026.07.19"]
[Round "7"]
[White "Knuesel, Jolan"]
[Black "Coban, Ege"]
[Result "0-1"]
[Board "46"]
[TimeControl "180+2"]
[WhiteFideId "1364529"]
[BlackFideId "26320304"]
[WhiteElo "1728"]
[BlackElo "1936"]
[WhiteClock "0:00:06"]
[BlackClock "0:02:07"]
[Variant "Standard"]
[EndDate "2026.07.19"]
[EndTime "13:55:58"]

1. d4 Nf6 2. Bf4 c5 3. e3 Nc6 4. Nf3 d5 5. c3 Qb6 6. Qc1 g6 7. Be2 Bg7 8. O-O O-O 9. Nbd2 Bf5 10. Ne5 Rac8 11. Nb3 cxd4 12. Nxd4 Nxd4 13. exd4 Ne4 14. f3 Nd6 15. Qd2 f6 16. Nd3 Nc4 17. Qe1 e5 18. Bg3 Ne3 19. Bf2 Nxf1 20. Qxf1 Bxd3 21. Bxd3 Qxb2 22. dxe5 fxe5 23. c4 e4 24. fxe4 Rxf2 25. Qxf2 Qxa1+ 26. Bf1 Bd4 0-1

[Event "2026 Biel Blitz Open"]
[Site "Biel, CH"]
[Date "2026.07.19"]
[Round "7"]
[White "Gireada, Lucas"]
[Black "Delion, Helge"]
[Result "1-0"]
[Board "47"]
[TimeControl "180+2"]
[WhiteFideId "1373544"]
[BlackFideId "12914568"]
[WhiteElo "1651"]
[BlackElo "1911"]
[WhiteClock "0:00:30"]
[BlackClock "0:00:12"]
[Variant "Standard"]
[EndDate "2026.07.19"]
[EndTime "14:03:23"]

1. d4 Nf6 2. c4 e6 3. Nf3 Bb4+ 4. Bd2 Be7 5. Nc3 d5 6. Bf4 O-O 7. e3 c6 8. Qc2 Nbd7 9. h3 a6 10. cxd5 exd5 11. Bd3 Re8 12. O-O Nf8 13. a3 Ne6 14. Bh2 Bd6 15. Ne5 Ng5 16. Bf5 Bxf5 17. Qxf5 Nge4 18. Nxe4 dxe4 19. Ng4 Nxg4 20. Qxg4 Bxh2+ 21. Kxh2 Qd6+ 22. Qg3 Rad8 23. Rac1 Re6 24. Qxd6 Rexd6 25. Rc5 Rd5 26. Rfc1 f5 27. h4 g6 28. Kg3 Kf7 29. a4 h6 30. b4 Ke6 31. b5 axb5 32. axb5 cxb5 33. Rb1 Rxc5 34. dxc5 g5 35. Rxb5 Rd5 36. Rxb7 Rxc5 37. Rb6+ Ke5 38. Rxh6 f4+ 39. Kg4 fxe3 40. fxe3 Rc3 41. Kxg5 Rxe3 42. g4 Rf3 43. Rh8 e3 44. h5 Ke4 45. Re8+ Kd3 46. h6 e2 47. h7 Rh3 48. Kg6 Re3 49. Rxe3+ Kxe3 50. h8=Q e1=Q 51. Qe8+ Kf2 52. Qxe1+ Kxe1 53. Kf7 1-0

[Event "2026 Biel Blitz Open"]
[Site "Biel, CH"]
[Date "2026.07.19"]
[Round "7"]
[White "Lupei, Denis"]
[Black "Huettinger, Jonathan"]
[Result "1-0"]
[Board "49"]
[TimeControl "180+2"]
[WhiteFideId "34611231"]
[BlackFideId "1366750"]
[WhiteElo "1890"]
[BlackElo "1565"]
[WhiteClock "0:00:06"]
[BlackClock "0:00:08"]
[Variant "Standard"]
[EndDate "2026.07.19"]
[EndTime "14:01:14"]

1. e4 c6 2. d4 d5 3. exd5 cxd5 4. Bd3 Nc6 5. c3 Nf6 6. h3 e5 7. dxe5 Nxe5 8. Nf3 Nxd3+ 9. Qxd3 Be7 10. O-O O-O 11. Bf4 Bd6 12. Bxd6 Qxd6 13. Nbd2 h6 14. Rad1 Be6 15. Rfe1 Rac8 16. Nd4 Rfe8 17. Re3 a6 18. Rde1 b5 19. a3 Rc7 20. Nf5 Qd7 21. Ng3 g6 22. Nb3 Kg7 23. Nd4 Re7 24. f4 Ne4 25. Nxe4 dxe4 26. Rxe4 Bf5 27. Rxe7 Bxd3 28. Rxd7 Rxd7 29. Kf2 Bc4 30. f5 h5 31. fxg6 fxg6 32. Re3 Rf7+ 33. Rf3 Rxf3+ 34. Nxf3 Kf6 35. Ke3 a5 36. Nd4 g5 37. b3 Bf1 38. Kf2 Bd3 39. b4 axb4 40. axb4 Bc4 41. g3 g4 42. h4 Ke5 43. Ke3 Bf1 44. Nb3 Bc4 45. Nd2 Kd5 46. Nxc4 Kxc4 47. Kd2 Kd5 48. Kd3 Ke5 49. c4 Kd6 50. Kd4 bxc4 51. Kxc4 Ke5 52. Kc5 Ke4 53. b5 Kf3 54. b6 Kxg3 55. b7 Kh2 56. b8=Q+ g3 57. Kd4 Kh1 58. Qb1+ Kh2 59. Ke3 Kg2 60. Ke2 Kh3 61. Qh1+ Kg4 62. Qe4+ Kh3 63. Kf1 Kh2 64. Qg2+ 1-0

[Event "2026 Biel Blitz Open"]
[Site "Biel, CH"]
[Date "2026.07.19"]
[Round "7"]
[White "Koehler, Noe"]
[Black "Leuthold, Cyrill"]
[Result "0-1"]
[Board "50"]
[TimeControl "180+2"]
[WhiteFideId "1362488"]
[BlackFideId "1333011"]
[WhiteElo "1639"]
[BlackElo "1887"]
[WhiteClock "0:00:12"]
[BlackClock "0:00:09"]
[Variant "Standard"]
[EndDate "2026.07.19"]
[EndTime "14:06:53"]

1. e4 d6 2. d4 Nf6 3. Nc3 g6 4. Nf3 Bg7 5. Be3 a6 6. Qd2 O-O 7. Be2 Nc6 8. Bh6 e5 9. dxe5 dxe5 10. Qxd8 Rxd8 11. Bxg7 Kxg7 12. O-O Bg4 13. Rad1 Bxf3 14. Bxf3 Nd4 15. Rd3 Nxc2 16. Rfd1 Nd4 17. Kf1 Rd7 18. Na4 b6 19. Nc3 Rad8 20. Ne2 Kf8 21. Nxd4 Rxd4 22. Rxd4 Rxd4 23. Rxd4 exd4 24. Ke2 c5 25. b3 Ke7 26. Kd3 Kd6 27. Be2 Nd7 28. f4 f6 29. g4 Nf8 30. h4 Ne6 31. f5 Nf4+ 32. Kd2 Nxe2 33. Kxe2 Ke5 34. Kd3 gxf5 35. exf5 b5 36. g5 Kxf5 37. gxf6 Kxf6 38. Ke4 Ke6 39. h5 a5 40. a3 b4 41. axb4 cxb4 42. h6 a4 43. bxa4 b3 44. Kd3 Kd6 45. a5 Kc6 46. Kd2 Kb5 47. Kc1 Kxa5 48. Kb2 Kb4 49. Kb1 Kc3 50. Kc1 d3 51. Kd1 Kb2 52. Kd2 Ka2 53. Kc3 b2 54. Kb4 b1=Q+ 55. Ka4 d2 56. Ka5 d1=R 0-1

[Event "2026 Biel Blitz Open"]
[Site "Biel, CH"]
[Date "2026.07.19"]
[Round "7"]
[White "Mauger-Le-Cunff, Noah"]
[Black "Baury, Noe"]
[Result "0-1"]
[Board "51"]
[TimeControl "180+2"]
[WhiteFideId "36079308"]
[BlackFideId "651086867"]
[WhiteElo "1604"]
[BlackElo "1886"]
[WhiteClock "0:00:06"]
[BlackClock "0:00:08"]
[Variant "Standard"]
[EndDate "2026.07.19"]
[EndTime "14:07:46"]

1. e4 e5 2. Nf3 Nc6 3. Bc4 Nf6 4. d3 h6 5. Nc3 d6 6. Be3 Be7 7. Qd2 a6 8. h3 Be6 9. Bb3 Qd7 10. O-O-O d5 11. exd5 Nxd5 12. Nxd5 Bxd5 13. Bxd5 Qxd5 14. Kb1 O-O-O 15. Qc3 f5 16. Rhe1 Bf6 17. Qb3 Qd7 18. Bd2 Rhe8 19. Bc3 g5 20. Nd2 Nd4 21. Qc4 Nc6 22. Qc5 Be7 23. Qc4 Bf6 24. Qc5 b6 25. Qa3 Kb7 26. Nc4 e4 27. Ne3 Bxc3 28. Qxc3 f4 29. dxe4 Qh7 30. Rxd8 Rxd8 31. Nd5 Qf7 32. f3 Re8 33. Nf6 Re6 34. Ng4 h5 35. Nf2 Qd7 36. Nd3 Re8 37. Qf6 Rg8 38. Qf5 Qd4 39. Qd5 Qg7 40. Qc4 Rf8 41. Nb4 0-1